AoeStats
← cagrierdemir

Arena

509699157Analyzed
4v4 RM · 3d ago on Sep 27, 2026· 49m 13s· 8 players
Game mode
Random Map
Map size
Large (8 player)
Population
200
Speed
Normal
Resources
Standard
Victory
Conquest
Starting age
Dark Age
Ending age
Imperial Age
RankedLock teamsTeams togetherTeam positionsShared explorationLock speedFull tech treeHidden civsTurbo modeCheats
Victory
Defeat
🇸🇰 Spanish · Slovakia
860
+15
🇨🇦 Persians · Canada
855
+15
🇨🇦 Teutons · Canada
830
+16
🇸🇦 Italians · Saudi Arabia
779
+19
🇹🇷 Bohemians · Türkiye
848
-17
🇪🇸 Britons · Spain
839
-16
🇪🇸 Spanish · Spain
824
-16
🇩🇪 Hindustanis · Germany
823
-16
CraminiNagini
10:32 Feudal Age
13:59 Castle Age
12:37 Double-Bit Axe
14:13 Horse Collar
15:11 Wheelbarrow
21:27 Heavy Plow
21:45 Bow Saw
26:53 Caravan
29:08 Hand Cart
33:41 Imperial Age
33:45 Padded Archer Armor
33:56 Forging
33:51 Scale Barding Armor
33:49 Capped Ram
35:07 Cavalier
35:48 Husbandry
37:12 Conscription
36:13 Elite Conquistador
42:00 Two-Man Saw
41:30 Leather Archer Armor
41:50 Iron Casting
41:37 Chain Barding Armor
42:10 Paladin
45:17 Blast Furnace
44:48 Ring Archer Armor
44:32 Bloodlines
43:45 Light Cavalry
45:19 Hussar
47:23 Plate Barding Armor
46:39 Fletching
Fontanar88
8:23 Loom
10:18 Feudal Age
11:04 Double-Bit Axe
12:08 Wheelbarrow
11:19 Horse Collar
17:38 Castle Age
16:16 Stone Mining
16:53 Gold Mining
18:54 Bow Saw
25:40 Ballistics
26:55 Hand Cart
26:43 Treadmill Crane
30:19 Imperial Age
29:15 Gold Shaft Mining
28:53 Fletching
29:04 Padded Archer Armor
30:11 Bodkin Arrow
30:32 Leather Archer Armor
32:18 Two-Man Saw
31:56 Conscription
31:04 Cavalier
31:44 Husbandry
32:18 Warwolf
33:44 Chemistry
32:58 Forging
32:53 Scale Barding Armor
33:34 Scale Mail Armor
34:28 Bracer
34:58 Pikeman
35:38 Squires
35:45 Halberdier
37:48 Yeomen
38:55 Gambesons
39:47 Iron Casting
39:32 Chain Barding Armor
39:27 Chain Mail Armor
39:43 Ring Archer Armor
Dx
8:53 Feudal Age
10:01 Double-Bit Axe
15:59 Castle Age
15:23 Horse Collar
23:35 Bow Saw
26:43 Scale Mail Armor
27:07 Ballistics
27:48 Chemistry
32:46 Imperial Age
30:10 Pikeman
31:32 Heavy Plow
32:13 Chain Mail Armor
36:16 Wheelbarrow
37:17 Bombard Tower
36:37 Houfnice
38:08 Wagenburg Tactics
38:23 Conscription
39:09 Hussite Reforms
40:30 Fletching
40:17 Elite Hussite Wagon
46:47 Sanctity
46:46 Devotion
46:57 Redemption
47:12 Illumination
46:48 Atonement
47:04 Block Printing
46:44 Herbal Medicine
47:25 Theocracy
47:10 Heresy
47:02 Fervor
cagrierdemir
10:15 Feudal Age
10:41 Double-Bit Axe
12:48 Horse Collar
18:21 Castle Age
17:43 Horse Collar
19:22 Bow Saw
19:15 Heavy Plow
22:35 Wheelbarrow
22:51 Husbandry
23:03 Bloodlines
24:04 Pikeman
24:44 Squires
26:33 Scale Mail Armor
32:59 Imperial Age
31:13 Chain Mail Armor
31:08 Forging
33:47 Shatagni
34:07 Conscription
35:57 Two-Man Saw
34:21 Heavy Camel Rider
39:21 Chemistry
38:42 Ballistics
40:54 Elite Skirmisher
41:40 Thumb Ring
Drolsorcen
10:39 Feudal Age
12:30 Wheelbarrow
11:39 Horse Collar
11:50 Double-Bit Axe
17:36 Castle Age
18:29 Heavy Plow
18:42 Bow Saw
18:27 Gold Mining
22:09 Gold Shaft Mining
24:17 Loom
24:47 Hand Cart
32:11 Imperial Age
30:38 Kamandaran
32:33 Thumb Ring
31:56 Crossbowman
34:54 Two-Man Saw
38:04 Elite War Elephant
40:25 Crop Rotation
43:51 Padded Archer Armor
43:41 Fletching
43:59 Scale Barding Armor
BurningChild
10:48 Feudal Age
17:55 Castle Age
25:36 Wheelbarrow
24:51 Pikeman
25:31 Squires
25:17 Arson
30:59 Imperial Age
30:44 Horse Collar
30:52 Double-Bit Axe
31:34 Forging
31:25 Scale Mail Armor
32:47 Chemistry
32:39 Hand Cart
32:10 Loom
32:10 Town Watch
32:21 Gold Mining
36:25 Halberdier
43:12 Iron Casting
42:52 Chain Mail Armor
45:37 Elite Teutonic Knight
mirro99
11:21 Feudal Age
16:28 Castle Age
14:20 Horse Collar
14:48 Double-Bit Axe
23:09 Heavy Plow
23:23 Bow Saw
23:01 Loom
23:12 Town Watch
24:35 Wheelbarrow
25:58 Hand Cart
25:44 Town Patrol
26:36 Fortified Wall
27:22 Gold Mining
27:25 Stone Mining
28:57 Stone Shaft Mining
32:57 Imperial Age
30:46 Scale Barding Armor
30:52 Forging
30:58 Bloodlines
30:49 Husbandry
31:10 Murder Holes
31:36 Ballistics
31:26 Masonry
34:19 Chain Barding Armor
34:35 Iron Casting
34:23 Conscription
33:27 Cavalier
35:05 Paladin
37:50 Blast Furnace
37:34 Plate Barding Armor
40:13 Scale Mail Armor
41:58 Two-Man Saw
42:52 Chemistry
43:36 Man-at-Arms
44:02 Gambesons
44:18 Squires
44:19 Long Swordsman
44:45 Arson
45:16 Two-Handed Swordsman
46:17 Chain Mail Armor
47:02 Champion
48:15 Plate Mail Armor
xTc
10:35 Feudal Age
15:14 Castle Age
13:48 Double-Bit Axe
13:49 Horse Collar
21:58 Gold Mining
21:59 Stone Mining
22:29 Bow Saw
22:31 Heavy Plow
25:14 Stone Shaft Mining
33:11 Imperial Age
30:52 Padded Archer Armor
30:43 Fletching
31:03 Forging
31:17 Ballistics
32:10 Caravan
32:40 Coinage
33:23 Elite Genoese Crossbowman
34:52 Leather Archer Armor
34:33 Bodkin Arrow
35:13 Iron Casting
35:41 Chemistry
35:54 Elite Skirmisher
Connection lost

Rejoining the realm…

Still unreachable

The connection could not be restored.

Session expired

The server has moved on; the page needs a fresh start.